 Dungeon Crawl Stone Soup version 0.28.0 (webtiles) character file.

Game seed: 5187409421113414984

40485 browni3141 the Grappler (level 13, -5/133 HPs)
             Began as a Troll Berserker on Feb 10, 2022.
             Was an Elder of Trog.
             Slain by an eight-headed hydra (10 damage)
             ... on level 4 of the Lair of Beasts.
             The game lasted 00:10:13 (10416 turns).

browni3141 the Grappler (Troll Berserker)          Turns: 10416, Time: 00:10:14

Health: -5/133     AC:  6    Str: 32    XL:     13   Next: 74%
Magic:  12/12      EV: 14    Int:  3    God:    Trog [****..]
Gold:   751        SH: 18    Dex:  9    Spells: 12/12 levels left

rFire   . . .      SeeInvis .     - Unarmed
rCold   . . .      Faith    .   t - +3 kite shield
rNeg    . . .      Spirit   .   a - +0 animal skin
rPois   +          Reflect  +   M - +1 hat
rElec   .          Harm     .   Q - +0 cloak
rCorr   .          Rampage  .   (gloves unavailable)
Will    .....                   (boots unavailable)
Stlth   +.........              f - amulet of reflection
HPRegen 1.12/turn               o - +4 ring of evasion
MPRegen 0.13/turn               D - ring of poison resistance

@: on berserk cooldown, slowed, very slow
A: large, unfitting armour, claws 3, regeneration 1, shaggy fur 1, tough skin 1
a: Renounce Religion, Berserk, Trog's Hand, Brothers in Arms


You were on level 4 of the Lair of Beasts.
You worshipped Trog.
Trog was greatly pleased with you.
You visited 2 branches of the dungeon, and saw 14 of its levels.
You also visited: Bailey.

You collected 790 gold pieces.
You spent 39 gold pieces at shops.

Inventory:

Armour
 a - a +0 animal skin (worn)
 t - a +3 kite shield (worn)
 M - a +1 hat (worn)
 Q - a +0 cloak (worn)
Jewellery
 f - an amulet of reflection (around neck)
 g - a ring of resist corrosion
 o - a +4 ring of evasion (left claw)
 q - a +4 ring of protection
 z - an amulet of magic regeneration
 D - a ring of poison resistance (right claw)
Wands
 A - a wand of charming (6)
 O - a wand of flame (18)
 R - a wand of acid (1)
Scrolls
 b - 5 scrolls of fog
 d - 3 scrolls of immolation
 e - 4 scrolls of identify
 j - 4 scrolls of amnesia
 k - 3 scrolls of vulnerability
 r - 6 scrolls of teleportation
 u - a scroll of magic mapping
 w - 2 scrolls of blinking {unknown}
 x - a scroll of brand weapon {unknown}
 y - 2 scrolls of fear {unknown}
 B - 2 scrolls of enchant weapon {unknown}
 E - a scroll of silence {unknown}
 G - a scroll of noise {unknown}
 I - a scroll of summoning {unknown}
Potions
 c - a potion of haste {unknown}
 h - 4 potions of brilliance {unknown}
 i - 5 potions of curing
 l - 2 potions of degeneration {unknown}
 m - 4 potions of might {unknown}
 n - a potion of attraction {unknown}
 p - a potion of ambrosia {unknown}
 s - 2 potions of magic {unknown}
 v - 2 potions of flight {unknown}
 C - a potion of cancellation {unknown}
 F - 7 potions of heal wounds {unknown}
 H - a potion of invisibility {unknown}
 J - 3 potions of mutation {unknown}
 N - a potion of berserk rage {unknown}
 P - 3 potions of lignification {unknown}
Miscellaneous
 L - a tin of tremorstones (1/2)


   Skills:
 + Level 10.2 Fighting
 - Level 6.0 Dodging
 + Level 10.5 Shields
 * Level 13.7 Unarmed Combat
 - Level 2.0 Evocations


You had 12 spell levels left.
You didn't know any spells.
Your spell library was empty.

Dungeon Overview and Level Annotations

Branches:
Dungeon (10/15)            Temple (0/1) D:7            Lair (4/6) D:9
 Shoals (0/4) Lair:3       Bailey (visited)
  Snake: Lair:2-4    Spider: Lair:2-4       Orc: D:9-12

Altars:
Kikubaaqudgha
Jiyva

Shops:
D:8 !   D:9 (

Annotations:
D:3 2 runed translucent doors, SomeFlowers's ghost, amateur TrAr
D:6 1 transporter, SnakkuSnakku7's ghost, weakling HODe
D:9 2 transporters


Innate Abilities, Weirdness & Mutations

You are too large for most types of armour.
You have claws for hands.
Your natural rate of healing is unusually fast.
You are covered in fur. (AC +1)
You have tough skin. (AC +1)


Message History

The fungus begins to die.
The fungus is lightly damaged.
The bolt of acid hits the fungus!
The acid corrodes the fungus!
The fungus begins to die.
The fungus is lightly damaged.
You block the vampire mosquito's attack. x3
Unknown command.
Aiming: Corrosive Bolt
Press: ? - help, Shift-Dir - straight line, f/p - vampire mosquito
Aim: a vampire mosquito (severely damaged, 53% to hit)
The bolt of acid hits the vampire mosquito!!
You destroy the vampire mosquito!
Trog accepts your kill.
The bolt of acid hits the fungus!
The fungus seems to be corroded for longer.
The fungus is lightly damaged.
The bolt of acid hits the fungus!
The fungus seems to be corroded for longer.
The fungus is lightly damaged.
An eight-headed hydra comes into view.
Unknown command.
You fail to use your ability.
A nearby fungus withers and dies.
Your two-headed ogre goes berserk!
A nearby fungus withers and dies.
The eight-headed hydra bites you but does no damage.
You block the eight-headed hydra's attack. x2
The eight-headed hydra bites you but does no damage.
The eight-headed hydra closely misses you.
The eight-headed hydra bites you.
* * * LOW HITPOINT WARNING * * *
The eight-headed hydra bites you!
* * * LOW HITPOINT WARNING * * *
The eight-headed hydra barely misses you.
Unknown command.
You feel more experienced!
Your Fighting skill gained 2 levels and is now at level 10!
You have reached level 13!
You block the eight-headed hydra's attack. x3
The eight-headed hydra bites you!
You die...

...............
...............
...............
.........P..#
.....D....#
..##.....##
##.##..##†..# .
#.......#O...# #
#.......@D...# .
.......##..##
##.#.#..#...#
.##.#..P.....## .
.............## .
..............###..
.
.......<............
.
.#####.#.#.###P..###
# #####.# ####


You could see an eight-headed hydra (ally target) and a friendly two-headed ogre
(summoned, berserk).

Vanquished Creatures
  Gastronok (Lair:1)
  An orc warlord (Bailey)
  2 hydras (Lair:2)
  A catoblepas (Lair:3)
  A swamp dragon (Lair:4)
  An orc knight (Bailey)
  Joseph (D:10)
  4 black mambas
  5 cane toads (Lair:3)
  5 komodo dragons
  The ghost of crazypyro the Cleaver, an amateur MiFi of Gozag (D:5)
  Prince Ribbit (D:7)
  23 yaks
  3 basilisks
  4 steam dragons
  3 wyverns
  Grum (D:9)
  5 vampire mosquitoes (Lair:4)
  14 water moccasins
  5 sky beasts
  10 orc warriors
  An ice beast (D:5)
  3 ogres (D:6)
  3 black bears
  2 centaurs
  12 wolves
  A phantom (D:4)
  10 bullfrogs
  2 kobold brigands (D:9)
  2 scorpions
  A gnoll sergeant (D:5)
  2 water moccasin skeletons
  6 killer bees
  A vampire bat (D:9)
  7 wights (D:8)
  3 howler monkeys
  3 centaur zombies (D:7)
  5 orc priests
  A bullfrog zombie (D:5)
  6 hounds
  4 jellies
  A gnoll shaman (D:6)
  A centaur skeleton (D:6)
  A scorpion zombie (D:5)
  2 iguanas
  6 orc wizards
  17 gnolls
  A howler monkey skeleton (D:5)
  3 adders
  A shadow imp (D:7)
  A white imp (D:5)
  A worm (D:2)
  2 dart slugs (D:3)
  32 orcs
  A bat skeleton (D:9)
  6 bat zombies (D:9)
  7 endoplasms
  2 giant cockroaches
  19 goblins
  19 hobgoblins
  13 jackals
  2 quokkas (D:1)
  8 ball pythons
  6 bats
  4 frilled lizards
  A jackal skeleton (D:4)
  10 kobolds
  8 rats
342 creatures vanquished.

Vanquished Creatures (collateral kills)
  2 hydras (Lair:3)
2 creatures vanquished.

Vanquished Creatures (others)
  A bullfrog (Lair:3)
  5 fungi
  2 plants
8 creatures vanquished.

Grand Total: 352 creatures vanquished

Notes
Turn   | Place    | Note
-------+----------+-------------------------------------------
     0 | D:1      | browni3141 the Troll Berserker began the quest for the Orb.
     0 | D:1      | Reached XP level 1. HP: 22/22 MP: 0/0
    70 | D:1      | Reached XP level 2. HP: 28/29 MP: 1/1
   338 | D:1      | Reached ** piety under Trog
   394 | D:1      | Reached XP level 3. HP: 33/36 MP: 2/2
   517 | D:1      | Reached skill level 4 in Unarmed Combat
   850 | D:2      | Found a faded altar of an unknown god.
   888 | D:2      | Reached XP level 4. HP: 13/45 MP: 3/3
  1440 | D:3      | Found a large runed translucent door.
  1440 | D:3      | Found a large runed translucent door.
  1440 | D:3      | Noticed SomeFlowers's ghost (amateur TrAr)
  1667 | D:3      | Reached skill level 5 in Unarmed Combat
  1667 | D:3      | Reached XP level 5. HP: 53/53 MP: 4/4
  1913 | D:3      | Reached *** piety under Trog
  2193 | D:4      | Noticed a phantom
  2200 | D:4      | Killed a phantom
  2201 | D:4      | Reached XP level 6. HP: 57/62 MP: 5/5
  2297 | D:4      | Noticed a wyvern
  2303 | D:4      | Killed a wyvern
  2304 | D:4      | Reached skill level 6 in Unarmed Combat
  2883 | D:5      | Entered Level 5 of the Dungeon
  2928 | D:5      | Reached XP level 7. HP: 70/70 MP: 6/6
  2982 | D:5      | Reached skill level 1 in Shields
  3117 | D:5      | Found a runed translucent door.
  3118 | D:5      | Noticed crazypyro's ghost (amateur MiFi)
  3142 | D:5      | Killed crazypyro's ghost
  3208 | D:5      | Reached XP level 8. HP: 78/78 MP: 7/7
  3330 | D:5      | Reached skill level 5 in Shields
  4163 | D:6      | Reached XP level 9. HP: 84/84 MP: 8/8
  4363 | D:6      | Identified the +0 dire flail "Tinupn" {vorpal, rElec rN++}
  4363 | D:6      | Identified the +4 dire flail of Taibaone {vorpal, rCorr}
  4363 | D:6      | Noticed a two-headed ogre
  4363 | D:6      | Noticed SnakkuSnakku7's ghost (weakling HODe)
  4366 | D:6      | Found a transporter.
  4478 | D:7      | Reached skill level 7 in Unarmed Combat
  4783 | D:7      | Reached skill level 5 in Fighting
  4783 | D:7      | Reached skill level 8 in Unarmed Combat
  4875 | D:7      | Found a staircase to the Ecumenical Temple.
  4897 | D:7      | Noticed Prince Ribbit
  4903 | D:7      | Reached **** piety under Trog
  4905 | D:7      | Killed Prince Ribbit
  5224 | D:8      | Reached XP level 10. HP: 96/96 MP: 9/9
  5235 | D:8      | Reached skill level 9 in Unarmed Combat
  5235 | D:8      | Reached skill level 1 in Evocations
  5594 | D:8      | Found Worhiump's Distillery.
  5599 | D:8      | Bought a potion of curing for 39 gold pieces
  5919 | D:9      | Found a transporter.
  5924 | D:9      | Found Xasam's Antique Weapon Emporium.
  5998 | D:9      | Noticed a great orb of eyes
  5999 | D:9      | Found a transporter.
  5999 | D:9      | Found a viscous altar of Jiyva.
  6042 | D:9      | Found a flagged portal.
  6067 | Bailey   | Entered a bailey
  6179 | Bailey   | Noticed an orc knight
  6198 | Bailey   | Killed an orc knight
  6199 | Bailey   | Reached skill level 10 in Unarmed Combat
  6525 | Bailey   | Noticed an orc warlord
  6558 | Bailey   | Killed an orc warlord
  6559 | Bailey   | Reached XP level 11. HP: 86/107 MP: 10/10
  6816 | D:9      | Found a staircase to the Lair.
  6824 | D:9      | Noticed Grum
  6846 | D:9      | Killed Grum
  6846 | D:9      | Reached ***** piety under Trog
  6894 | D:10     | Entered Level 10 of the Dungeon
  6909 | D:10     | Noticed Joseph
  6919 | D:10     | Killed Joseph
  6920 | D:10     | Reached skill level 5 in Dodging
  7148 | D:9      | Found an ancient bone altar of Kikubaaqudgha.
  7355 | Lair:1   | Entered Level 1 of the Lair of Beasts
  7355 | Lair:1   | Noticed Gastronok
  7364 | D:9      | Reached skill level 11 in Unarmed Combat
  7393 | Lair:1   | Killed Gastronok
  8334 | Lair:2   | Noticed an eight-headed hydra
  8342 | Lair:2   | Killed a nine-headed hydra
  8498 | Lair:2   | Noticed a five-headed hydra
  8510 | Lair:2   | HP: 4/109 [ten-headed hydra (12)]
  8511 | Lair:2   | Killed a ten-headed hydra
  8512 | Lair:2   | Reached skill level 12 in Unarmed Combat
  8685 | Lair:2   | Reached XP level 12. HP: 113/118 MP: 11/11
  9199 | Lair:3   | Noticed a four-headed hydra
  9205 | Lair:3   | Killed a four-headed hydra
  9206 | Lair:3   | Reached skill level 10 in Shields
  9464 | Lair:3   | Noticed a seven-headed hydra
  9471 | Lair:3   | Killed a seven-headed hydra
  9529 | Lair:3   | Found a staircase to the Shoals.
  9535 | Lair:3   | Reached skill level 13 in Unarmed Combat
  9802 | Lair:3   | Noticed a catoblepas
  9831 | Lair:3   | Killed a catoblepas
 10413 | Lair:4   | Noticed an eight-headed hydra
 10415 | Lair:4   | HP: 3/122 [eight-headed hydra (8)]
 10416 | Lair:4   | Reached skill level 10 in Fighting
 10416 | Lair:4   | Reached XP level 13. HP: 3/133 MP: 12/12
 10416 | Lair:4   | Slain by an eight-headed hydra

Illustrated notes

Levels and vault maps discovered:
D:1:      mainiacjoe_arrival_reflecting_pool, layout_loops_ring,
          minmay_tetromino_i2
D:2:      layout_loops_ring, hellmonk_ecumenical_altar_blasted, serial_bayou,
          serial_bayou_pond_e, serial_bayou_pond_e, serial_bayou_shore_b,
          serial_bayou_pond_b
D:3:      layout_loops_ring, ebering_ghost_disaster_area
D:4:      layout_loops_ring, minmay_misc_feat_hallway,
          minmay_misc_feat_ornament, minmay_bisected
D:5:      layout_loops_corners, ebering_ghost_reflecting_pool
D:6:      layout_loops_ring, gammafunk_ghost_smash, grunt_ministairs_9
D:7:      layout_loops_cross, minmay_temple_entry_tees, uniq_prince_ribbit1
D:8:      layout_loops_ring, serial_shops, nicolae_shop_hallway_stairs
D:9:      gammafunk_jiyva_shrine, layout_basic, kennysheep_vampire_church,
          enter_bailey_1, serial_shops, nicolae_square_shop,
          hangedman_misty_isle, uniq_grum
D:10:     layout_basic, mainiacjoe_overflow_swirl, david_orc_5, minmay_holes,
          uniq_joseph
Lair:1:   layout_regular_city, uniq_gastronok
Lair:2:   beast_lair_carwin_large_1, layout_chaotic_city
Lair:3:   layout_chaotic_city, shoals_dummy_entry
Lair:4:   layout_regular_city, hellmonk_spider_entry_not_the_bees, pond,
          serial_bayou_shore_b, grunt_megastairs_4

Skill      XL: |  1  2  3  4  5  6  7  8  9 10 11 12 |
---------------+-------------------------------------+-----
Unarmed Combat | 4 5 6 8 10 12 13 | 13.7
Fighting       | 3 4 5 6 7 10 | 10.2
Shields        | 4 7 8 9 10 | 10.5
Dodging        | 3 4 5 6 |  6.0
Evocations     | 2 |  2.0

Action                   |  1- 3 |  4- 6 |  7- 9 | 10-12 | 13-15 || total
-------------------------+-------+-------+-------+-------+-------++-------
Melee: Unarmed           |    82 |   109 |   235 |   631 |       ||  1057
       Punch             |     1 |     2 |     7 |       |       ||    10
Invok: Berserk           |     1 |     1 |    11 |    12 |       ||    25
       Trog's Hand       |       |       |       |     4 |       ||     4
       Brothers in Arms  |       |       |       |     3 |       ||     3
Evoke: Wand              |       |       |       |     5 |       ||     5
       Tin of tremorston |       |       |       |     2 |       ||     2
  Use: Scroll            |       |       |       |     9 |       ||     9
       Potion            |       |       |       |     1 |       ||     1
 Stab: Sleeping          |       |     2 |       |       |       ||     2
       Petrified         |       |       |       |     3 |       ||     3
Armor: Animal skin       |    41 |    16 |    47 |    88 |       ||   192
Dodge: Dodged            |    38 |    46 |   102 |   223 |       ||   409
Block: Other             |     1 |    17 |    27 |       |       ||    45
       Kite shield       |       |       |    30 |   528 |     3 ||   561
       Reflection        |       |       |       |     4 |       ||     4
